 Dungeon Crawl Stone Soup version 0.32-a0-900-g30fb1b0edc (webtiles) character file.

Game seed: 3688726535591589008

62 kae the Insei (level 3, 0/40 HPs)
             Began as a Demonspawn Shapeshifter on Apr 5, 2024.
             Succumbed to an adder's poison
             ... on level 3 of the Dungeon.
             The game lasted 00:01:19 (1360 turns).

kae the Insei (Demonspawn Shapeshifter)             Turns: 1360, Time: 00:01:21

Health: 0/40       AC: 21    Str: 14    XL:     3   Next: 85%
Magic:  3/3        EV:  2    Int: 10    God:
Gold:   166        SH:  0    Dex: 14    Spells: 2/2 levels left

rFire   . . .        f - +0 short sword
rCold   . . .        (no shield)
rNeg    . . .        j - melded +3 leather armour
rPois   +            (helmet currently unavailable)
rElec   .            (cloak currently unavailable)
rCorr   .            (gloves currently unavailable)
SInv    .            (boots currently unavailable)
Will    .....        (no amulet)
Stlth   +            (no ring)
HPRegen 0.26/turn    (no ring)
MPRegen 0.08/turn

%: no passive effects
@: lethally poisoned (0 -> -1), tree-form, on berserk cooldown, slowed, very
slow
A: stationary, stasis, torment immunity, boosted hp, (hooves 1), foul stench 1
a: no special abilities


You were on level 3 of the Dungeon.
You were a tree.
You visited 1 branch of the dungeon, and saw 3 of its levels.

You collected 166 gold pieces.


Innate Abilities, Weirdness & Mutations

You are a tree.
Your roots penetrate the ground, keeping you stationary.
You cannot be teleported.
You are immune to unholy pain and torment.
Your maximum health is greatly increased.
Your equipment is partially melded.
((You have large cloven feet.))
You may rarely emit foul miasma when damaged in melee.


   Skills:
 + Level 2.0 Fighting
 - Level 1.7 Dodging
 * Level 3.6 Unarmed Combat
 + Level 3.1 Shapeshifting


You had 2 spell levels left.
You didn't know any spells.
Your spell library was empty.

Inventory:

Hand Weapons
 f - a +0 short sword (weapon)
   (You took it off a kobold on level 1 of the Dungeon)
Missiles
 g - 26 stones (quivered)
 l - 4 poisoned darts
Armour
 a - a +0 animal skin
 j - a +3 leather armour (melded)
   (You found it on level 1 of the Dungeon)
Jewellery
 w - a ring of magical power
   (You found it on level 1 of the Dungeon)
 W - a ring of magical power
   (You found it on level 1 of the Dungeon)
Talismans
 c - a beast talisman (active)
 d - a flux talisman
Scrolls
 e - 3 scrolls of amnesia {unknown}
 h - 2 scrolls of noise {unknown}
 i - 2 scrolls of identify {unknown}
 k - a scroll of butterflies {unknown}
 n - a scroll of teleportation {unknown}

Dungeon Overview and Level Annotations

Branches:
Dungeon (3/15) Zot: 16640

Altars:

Annotations:
D:3 Sigmund

#.# #.#
#.# ...
.... # #.#
..... #.#
.#.#.##
#.# ....
.# #♣#
.#.#..###
#.#
.#.#@...##
#†#
..........
...
..<.......
##.#.
......#...
.....
...#..#
... ..
..>+..+
#.. ..#
S..# .#
#..# ..


There were no monsters in sight!


Message History

There is a stone staircase leading up here. 😕 HP[+1]
An adder is nearby!
Okay, then.
You hit the adder but do no damage. The adder closely misses you.
The adder bites you but does no damage. 😕 HP[+1]
You barely miss the adder. The adder closely misses you.
You hit the adder but do no damage. Your kick misses the adder.
The adder bites you. 😕 HP[-2]
You take 2 damage, and now have 24/27 hp.
You completely miss the adder. The adder bites you.
You are poisoned.
The adder poisons you!
The adder bites you but does no damage. 😕 HP[-3]
You take 3 damage, and now have 21/27 hp.
You barely miss the adder.
You feel sick.
The adder bites you but does no damage. 😮 HP[-1]
You take 1 damage, and now have 20/27 hp.
You hit the adder. Your kick misses the adder.
You feel sick. The adder bites you but does no damage.
You closely miss the adder.
You feel sick. The adder closely misses you. The adder bites you.
You are more poisoned.
The adder poisons you! 😮 HP[-3]
You take 3 damage, and now have 17/27 hp.
You miss the adder. You kick the adder.
You feel sick. The adder bites you.
* * * LOW HITPOINT WARNING * * *
😨 HP[-5]
You take 5 damage, and now have 12/27 hp.
You hit the adder. Your kick misses the adder.
You feel sick. The adder misses you. 😨 HP[-2]
You take 2 damage, and now have 10/27 hp.
Unknown command.
You miss the adder. Your kick misses the adder.
You feel sick. The adder bites you but does no damage.
Unknown command.
You barely miss the adder.
You feel sick. The adder bites you.
* * * LOW HITPOINT WARNING * * *
You are lethally poisoned!
The adder poisons you! The adder closely misses you. 😱 HP[-4]
You take 4 damage, and now have 6/27 hp.
You hit the adder. You kick the adder.
You kill the adder!
* * * LOW HITPOINT WARNING * * *
You feel sick.
Your Fighting skill increases to level 2! 😱 HP[-2]
You take 2 damage, and now have 4/27 hp.
Unknown command.
* * * LOW HITPOINT WARNING * * *
You feel sick.
There is a stone staircase leading up here. 😱 HP[-2]
You take 2 damage, and now have 2/27 hp.
There is a lethal amount of poison in your body!
Your transformation has ended.
You turn into a tree.
Your +3 leather armour melds into your body.
Your roots penetrate the ground.
* * * LOW HITPOINT WARNING * * *
You feel sick. 😱 HP[+1]
You now have 40 max hp (+13).
There is a lethal amount of poison in your body!
There is a lethal amount of poison in your body!
There is a lethal amount of poison in your body!
* * * LOW HITPOINT WARNING * * *
You feel sick. 😱 HP[-1]
You take 1 damage, and now have 2/40 hp.
It was a potion of berserk rage.
A red film seems to cover your vision as you go berserk!
You feel yourself moving faster!
You feel mighty!
* * * LOW HITPOINT WARNING * * *
You feel sick. 😱 HP[+1]
You now have 60 max hp (+20).
Unknown command.
You feel a strong urge to attack something.
* * * LOW HITPOINT WARNING * * *
You feel sick. 😱 HP[-1]
You take 1 damage, and now have 2/60 hp.
* * * LOW HITPOINT WARNING * * *
You feel sick. 😱 HP[-1]
You take 1 damage, and now have 1/60 hp.
You feel your anger nearly subside. 😱 HP[+1] Unknown command.
You are no longer berserk.
You are exhausted.
You feel yourself slow down.
You die...

Skill      XL: |  1  2  3 |
---------------+----------+-----
Unarmed Combat | 3 |  3.6
Shapeshifting  | 3 |  3.1
Fighting       | 2 |  2.0
Dodging        | |  1.7

Action                     || total
---------------------------++-------
  Melee: Short sword       ||   117
         Unarmed           ||    14
         Kick              ||    25
    Use: Potion            ||     2
 Armour: Animal skin       ||    26
         Leather armour    ||    74
  Dodge: Dodged            ||    87

Levels and vault maps discovered:
D:1:      evilmike_arrival_plus, layout_basic
D:2:      layout_rooms, serial_glass, glass_columns_a, glass_columns_a
D:3:      layout_basic, okawaru_gym_becter, kennysheep_boxes, uniq_sigmund,
          uniq_jessica

Notes
Turn   | Place    | Note
-------+----------+-------------------------------------------
     0 | D:1      | kae the Demonspawn Shapeshifter began the quest for the
                  | Orb.
     0 | D:1      | Reached XP level 1. HP: 15/15 MP: 1/1
     0 | D:1      | magus.rc [v1.11.3]
   341 | D:1      | Reached skill level 3 in Unarmed Combat
   341 | D:1      | Gained mutation: You have large cloven feet. [demonic
                  | ancestry]
   341 | D:1      | Reached XP level 2. HP: 20/21 MP: 2/2
   816 | D:2      | Gained mutation: You may rarely emit foul miasma when
                  | damaged in melee. [demonic ancestry]
   816 | D:2      | Reached XP level 3. HP: 14/26 MP: 3/3
   949 | D:2      | Reached skill level 3 in Shapeshifting
  1309 | D:3      | Noticed Sigmund
  1351 | D:3      | HP: 6/27 [adder (3)]
  1353 | D:3      | Reached skill level 2 in Fighting
  1353 | D:3      | HP: 2/27 [poisoned by an adder]
  1358 | D:3      | HP: 1/60 [poisoned by an adder]
  1360 | D:3      | Succumbed to an adder's poison

Vanquished Creatures
  An adder (D:3)
  2 dart slugs (D:2)
  A ribbon worm (D:2)
  3 bats
  6 endoplasms
  4 giant cockroaches
  3 goblins
  7 hobgoblins
  4 kobolds
  A quokka (D:1)
  5 ball pythons
  3 frilled lizards
  3 rats
43 creatures vanquished.

Table legend:
 A = Non-vault XP
 B = Vault XP
 C = Vault XP percentage of total XP
 D = Non-vault monster count
 E = Vault monster count
 F = Vault count percentage of total count
                 A         B        C        D         E       F
            +---------+---------+-------+---------+---------+-------
      Total |      89 |       0 |   0.0 |      43 |       0 |   0.0
            +---------+---------+-------+---------+---------+-------
        D:1 |      35 |       0 |   0.0 |      21 |       0 |   0.0
        D:2 |      41 |       0 |   0.0 |      21 |       0 |   0.0
        D:3 |      13 |       0 |   0.0 |       1 |       0 |   0.0
            +---------+---------+-------+---------+---------+-------

Skill      XL: |  1  2  3 |
---------------+----------+-----
Unarmed Combat | 3 |  3.6
Shapeshifting  | 3 |  3.1
Fighting       | 2 |  2.0
Dodging        | |  1.7

Action                     || total
---------------------------++-------
  Melee: Short sword       ||   117
         Unarmed           ||    14
         Kick              ||    25
    Use: Potion            ||     2
 Armour: Animal skin       ||    26
         Leather armour    ||    74
  Dodge: Dodged            ||    87

Illustrated notes

Table legend:
 A = Kills in this place as a percentage of kills in the entire game.
 B = Kills by you in this place as a percentage of kills by you in the entire game.
 C = Kills by friends in this place as a percentage of kills by friends in the entire game.
 D = Other kills in this place as a percentage of other kills in the entire game.
 E = Experience gained in this place as a percentage of experience gained in the entire game.
 F = Experience gained in this place divided by the number of levels of this place that you have seen.
                   A       B       C       D       E      F
               +-------+-------+-------+-------+-------+----------------------
         Total | 100.0 | 100.0 |   N/A |   N/A | 100.0 |  29.7
       Dungeon | 100.0 | 100.0 |   N/A |   N/A | 100.0 |  29.7
               +-------+-------+-------+-------+-------+----------------------

Table legend: (Time is in decaauts)
 A = Elapsed time spent in this place.
 B = Non-inter-level travel time spent in this place.
 C = Inter-level travel time spent in this place.
 D = Time resting spent in this place.
 E = Time spent auto-exploring this place.
 F = Levels seen in this place.
 G = Mean time per level.
                   A        B        C        D        E       F      G
               +--------+--------+--------+--------+--------+-----+--------+
         Total |   1359 |   1309 |     50 |    228 |    782 |   3 |  453.0 |
       Dungeon |   1359 |   1309 |     50 |    228 |    782 |   3 |  453.0 |
               +--------+--------+--------+--------+--------+-----+--------+

Top non-repeatable levels by time:
     D:1: 837 daAuts
     D:2: 496 daAuts
     D:3: 25 daAuts
